 Dungeon Crawl Stone Soup version 0.27-a0-1232-gc6a4cbde82 (webtiles) character file.

Game seed: 3176444159070591159

4487 mordus the Grappler (level 10, -7/98 HPs)
             Began as a Troll Monk on June 8, 2021.
             Mangled by a six-headed hydra (12 damage)
             ... on level 1 of the Lair of Beasts.
             The game lasted 00:07:55 (5838 turns).

mordus the Grappler (Troll Monk)                    Turns: 5838, Time: 00:07:56

Health: -7/98      AC:  5    Str: 28    XL:     10   Next: 16%
Magic:  9/9        EV: 12    Int:  6    God:
Gold:   430        SH:  0    Dex: 14    Spells: 9/9 levels left

rFire    + . .     SeeInvis .     - Unarmed
rCold    . . .     Faith    .   (no shield)
rNeg     . . .     Spirit   .   z - +0 robe {rF+}
rPois    .         Reflect  .   (helmet restricted)
rElec    .         Harm     .   t - +0 cloak
rCorr    .         Rampage  .   (gloves unavailable)
Will     +....                  (boots unavailable)
Stlth    ++........             s - amulet of regeneration
HPRegen  2.26/turn              e - ring of willpower
MPRegen  0.11/turn              n - +6 ring of strength

@: lethally poisoned (-7 -> -22)
A: large, unfitting armour, claws 3, regeneration 1, shaggy fur 1, tough skin 1
a: no special abilities


You were on level 1 of the Lair of Beasts.
You visited 2 branches of the dungeon, and saw 9 of its levels.

You collected 430 gold pieces.

Inventory:

Hand Weapons
 y - a +0 giant spiked club
Missiles
 b - a throwing net
 q - 3 curare-tipped darts (quivered)
 B - 8 poisoned darts
Armour
 t - a +0 cloak (worn)
 z - a +0 robe of fire resistance (worn)
Jewellery
 e - a ring of willpower (left claw)
 n - a +6 ring of strength (right claw)
 s - an amulet of regeneration (around neck)
Wands
 v - a wand of flame (20)
 x - a wand of iceblast (14)
Scrolls
 g - 8 scrolls of identify {unknown}
 i - a scroll of brand weapon {unknown}
 j - a scroll of amnesia {unknown}
 k - a scroll of teleportation {unknown}
 l - 3 scrolls of immolation {unknown}
 o - 2 scrolls of enchant weapon {unknown}
 p - 2 scrolls of noise {unknown}
 u - a scroll of magic mapping {unknown}
 w - a scroll of holy word {unknown}
 A - a scroll of enchant armour {unknown}
Potions
 a - a potion of lignification {unknown}
 c - a potion of mutation {unknown}
 d - 2 potions of magic {unknown}
 f - 3 potions of curing {unknown}
 h - 2 potions of resistance {unknown}
 m - 2 potions of degeneration {unknown}
 r - 4 potions of brilliance {unknown}


   Skills:
 + Level 6.0 Fighting
 + Level 5.9 Maces & Flails
 + Level 6.1 Dodging
 - Level 1.0 Stealth
 * Level 9.9 Unarmed Combat


You had 9 spell levels left.
You didn't know any spells.
Your spell library contained the following spells:

 Spells                   Type           Power      Damage    Failure   Level
 Freeze                   Ice            0%         1d3       45%         1
 Frozen Ramparts          Ice            0%         1d2       83%         3
 Ozocubu's Armour         Ice            0%         N/A       83%         3
 Hailstorm                Conj/Ice       0%         3d3       99%         4
 Metabolic Englaciation   Hex/Ice        0%         N/A       100%        5


Dungeon Overview and Level Annotations

Branches:
Dungeon (8/15)             Temple (0/1) D:6            Lair (1/6) D:8

Altars:
Ashenzari
Elyvilon
Fedhas
Okawaru
Ru
Uskayaw
Vehumet

Shops:
D:6 *

Annotations:
D:8 exclusion: statue


Innate Abilities, Weirdness & Mutations

You are too large for most types of armour.
You have claws for hands.
Your natural rate of healing is unusually fast.
You are covered in fur. (AC +1)
You have tough skin. (AC +1)


Message History

The cane toad stings you!
You are more poisoned.
The cane toad poisons you! The water moccasin bites you.
You scratch the cane toad but do no damage.
You feel very sick. The cane toad stings you!
The water moccasin barely misses you.
You mangle the cane toad!!
The cane toad is severely wounded.
You feel very sick. The water moccasin bites you.
You are more poisoned.
The water moccasin poisons you! The cane toad misses you.
You mangle the cane toad!!
You kill the cane toad!
You feel very sick. The water moccasin bites you.
You are more poisoned.
The water moccasin poisons you!
You feel extremely sick. The water moccasin bites you!
A komodo dragon comes into view.
The water moccasin bites you.
* * * LOW HITPOINT WARNING * * *
You are more poisoned.
The water moccasin poisons you!
You feel extremely sick.
You feel very sick. The water moccasin closely misses you.
There is a staircase back to the Dungeon here.
You feel very sick. The water moccasin bites you.
* * * LOW HITPOINT WARNING * * *
You are lethally poisoned!
The water moccasin poisons you! The six-headed hydra barely misses you.
The six-headed hydra bites you but does no damage.
The six-headed hydra closely misses you.
The six-headed hydra bites you!
* * * LOW HITPOINT WARNING * * *
The six-headed hydra bites you!
You die...

#..l.....##
#.........
#........##
#.........#
#........#
#........#
#........#
#...†..SD#
#.......@#
#........#
####.#####
##


You could see a six-headed hydra and a water moccasin.

Vanquished Creatures
  A cane toad (Lair:1)
  A komodo dragon (D:8)
  A hornet (D:6)
  9 yaks (D:8)
  A steam dragon (D:8)
  2 water moccasins
  An acid dragon (D:7)
  2 orc warriors
  2 sky beasts
  An ogre (D:7)
  A necrophage (D:7)
  2 centaurs
  2 kobold brigands
  4 bullfrogs
  A scorpion (D:7)
  2 water moccasin skeletons (D:5)
  A centaur skeleton (D:7)
  5 hounds
  A jelly (D:5)
  An orc priest (D:8)
  2 bullfrog skeletons
  A centaur zombie (D:8)
  4 iguanas
  4 orc wizards
  2 hound skeletons
  A howler monkey zombie (D:5)
  7 adders
  A gnoll (D:1)
  2 shadow imps
  2 white imps (D:7)
  An ufetubus (D:5)
  2 worms (D:2)
  A dart slug (D:2)
  14 orcs
  6 endoplasms
  12 giant cockroaches
  3 goblins
  3 hobgoblins
  6 jackals
  A quokka (D:1)
  6 ball pythons
  8 bats
  3 frilled lizards
  15 kobolds
  4 rats
152 creatures vanquished.

Vanquished Creatures (others)
  22 plants (D:8)
22 creatures vanquished.

Grand Total: 174 creatures vanquished

Notes
Turn   | Place    | Note
-------+----------+-------------------------------------------
     0 | D:1      | mordus the Troll Monk began the quest for the Orb.
     0 | D:1      | Reached XP level 1. HP: 22/22 MP: 0/0
    15 | D:1      | Reached XP level 2. HP: 23/29 MP: 1/1
   717 | D:1      | Reached XP level 3. HP: 36/36 MP: 2/2
   847 | D:2      | Found a faded altar of an unknown god.
  1031 | D:2      | Reached skill level 4 in Unarmed Combat
  1031 | D:2      | Reached XP level 4. HP: 44/44 MP: 3/3
  1129 | D:2      | Reached skill level 1 in Maces & Flails
  1460 | D:3      | Found a broken altar of Ashenzari.
  2199 | D:3      | Found an iron altar of Okawaru.
  2581 | D:4      | Noticed a water moccasin
  2589 | D:4      | Killed a water moccasin
  2590 | D:4      | Reached XP level 5. HP: 20/53 MP: 4/4
  2967 | D:4      | Reached XP level 6. HP: 59/61 MP: 5/5
  3059 | D:4      | Reached skill level 5 in Unarmed Combat
  3190 | D:5      | Entered Level 5 of the Dungeon
  3392 | D:5      | Found a sacrificial altar of Ru.
  3416 | D:5      | Noticed a sky beast
  3428 | D:5      | Killed a sky beast
  3429 | D:5      | Reached XP level 7. HP: 55/67 MP: 6/6
  3583 | D:5      | Reached skill level 6 in Unarmed Combat
  3822 | D:6      | Found Avehimpu's General Store.
  3928 | D:6      | Reached XP level 8. HP: 77/78 MP: 7/7
  4071 | D:6      | Found a staircase to the Ecumenical Temple.
  4079 | D:6      | Noticed a hornet
  4086 | D:6      | Paralysed by a hornet for 1 turns
  4088 | D:6      | Killed a hornet
  4089 | D:6      | Reached skill level 7 in Unarmed Combat
  4687 | D:7      | Reached skill level 8 in Unarmed Combat
  4694 | D:7      | Reached skill level 5 in Dodging
  4699 | D:7      | Reached skill level 5 in Fighting
  4699 | D:7      | Reached XP level 9. HP: 85/88 MP: 8/8
  4924 | D:8      | Found a white marble altar of Elyvilon.
  4965 | D:8      | Reached skill level 5 in Maces & Flails
  4970 | D:8      | Reached skill level 9 in Unarmed Combat
  5071 | D:8      | Found a radiant altar of Vehumet.
  5438 | D:8      | Found a blossoming altar of Fedhas.
  5488 | D:8      | Noticed a komodo dragon
  5490 | D:8      | Found a staircase to the Lair.
  5502 | D:8      | Killed a komodo dragon
  5503 | D:8      | Reached XP level 10. HP: 63/98 MP: 9/9
  5707 | D:8      | Found a hide-covered altar of Uskayaw.
  5826 | Lair:1   | Entered Level 1 of the Lair of Beasts
  5826 | Lair:1   | Noticed a cane toad
  5829 | Lair:1   | Noticed a six-headed hydra
  5834 | Lair:1   | Killed a cane toad
  5838 | Lair:1   | Mangled by a six-headed hydra

Illustrated notes

Levels and vault maps discovered:
D:1:      matt_arrival_diagonals, layout_basic
D:2:      layout_basic, basic_ecumenical_altar, minmay_indecisive_spiral
D:3:      layout_basic, lemuel_doored_altar, general_overflow_altar,
          chequers_jeans
D:4:      layout_loops_ring
D:5:      layout_basic, nicolae_overflow_crystal_walls, hangedman_decor_push,
          grunt_decor_fettered, mrwooster_statue_mirror, grunt_ministairs_7,
          kennysheep_pointless_box
D:6:      layout_cave_pools, minmay_temple_entry_stoned_glass, serial_shops,
          shop
D:7:      layout_rooms, kennysheep_generic_room_6
D:8:      layout_loops_ring, pf_just_have_faith, fedhas_altar_1,
          elyvilon_altar_3, vehumet_statue, david_lair_shrubbed
Lair:1:   layout_big_grid, uniq_fannar, uniq_harold, uniq_gastronok

Skill      XL: |  1  2  3  4  5  6  7  8  9 10 |
---------------+-------------------------------+-----
Unarmed Combat | 4 5 6 8 9 |  9.9
Maces & Flails | 1 2 3 4 5 |  5.9
Fighting       | 3 4 5 6 |  6.0
Dodging        | 3 4 5 6 |  6.1
Stealth        | |  1.0

Action                   |  1- 3 |  4- 6 |  7- 9 | 10-12 || total
-------------------------+-------+-------+-------+-------++-------
Melee: Unarmed           |    98 |   106 |   231 |    14 ||   449
       Punch             |       |     1 |    16 |       ||    17
 Stab: Sleeping          |     3 |     4 |     1 |       ||     8
       Distracted        |       |     1 |       |       ||     1
Armor: Robe              |    27 |    34 |    46 |     3 ||   110
Dodge: Dodged            |    55 |    42 |   114 |     8 ||   219

Table legend: (Time is in decaauts)
 A = Elapsed time spent in this place.
 B = Non-inter-level travel time spent in this place.
 C = Inter-level travel time spent in this place.
 D = Time resting spent in this place.
 E = Time spent auto-exploring this place.
 F = Levels seen in this place.
 G = Mean time per level.
                   A        B        C        D        E       F      G
               +--------+--------+--------+--------+--------+-----+--------+
         Total |   5789 |   5507 |    282 |     93 |   4507 |   9 |  643.2 |
       Dungeon |   5778 |   5496 |    282 |     93 |   4507 |   8 |  722.2 |
          Lair |     10 |     10 |      0 |      0 |      0 |   1 |   10.0 |
               +--------+--------+--------+--------+--------+-----+--------+

Top non-repeatable levels by time:
     D:3: 1087 daAuts
     D:8: 998 daAuts
     D:1: 752 daAuts
     D:2: 698 daAuts
     D:4: 638 daAuts
     D:5: 629 daAuts
     D:6: 516 daAuts
     D:7: 456 daAuts
  Lair:1: 10 daAuts
